Unix NetHack Version 3.7.0-80 Work-in-progress - last build Mar 27 2023 11:19:28 (84ec4a96b1085377d1623a66bb533b5851a641e4,branch:master). Game began 2023-04-01 14:48:44, ended 2023-04-01 15:34:38. tromix, chaotic male human Ranger ---# G@.% --.| |.|. ---- |..---..| |...|...|. --...<...). |..----...- ---- ---- Tromix the Lookout St:15 Dx:10 Co:15 In:14 Wi:14 Ch:8 Chaotic Dlvl:6 $:257 HP:0(39) Pw:15(15) AC:7 Exp:5 T:2648 Burdened Latest messages: u - a dagger (2 in total). You hit the dwarf. You hit the dwarf! You hit the dwarf. You miss the dwarf. The dwarf hits! You kill the dwarf! N - a pair of hard shoes. You hit the gray ooze. You miss the gray ooze. You hit the gray ooze! You hit the gray ooze. You kill the gray ooze! You see here a small glob of gray ooze. The hobgoblin strikes at your displaced image and misses you! There is a small glob of gray ooze here; eat it? [ynq] (n) y You have a very bad case of stomach acid. The hobgoblin strikes at your displaced image and misses you! You stop eating the small glob of gray ooze. The hobgoblin hits! You kill the hobgoblin! O - an iron skull cap. You see here a partly eaten small glob of gray ooze. There is a partly eaten small glob of gray ooze here; eat it? [ynq] (n) y You consume the last bite of your meal. You finish eating the small glob of gray ooze. You descend the stairs. You hit the gnome. You miss the gnome. The gnome strikes at your displaced image and misses you! You kill the gnome! You hear crashing rock. The dwarf swings his pick-axe. The dwarf hits! You hit the dwarf. The dwarf swings his pick-axe. The dwarf hits! You kill the dwarf! There are several objects here. P - a scroll labeled KO BATE. You have a little trouble lifting a pick-axe. Continue? [ynq] (q) y You have a little trouble lifting Q - a pick-axe. Your movements are slowed slightly because of your load. The gnome swings her thonged club. The gnome hits! You hit the gnome. The gnome swings her thonged club. The gnome hits! You die... Do you want your possessions identified? [ynq] (y) q Inventory: Coins $ - 257 gold pieces Weapons c - 45 +2 arrows (in quiver) d - 34 +0 arrows E - 2 cursed -1 arrows b - a +1 bow (alternate weapon; not wielded) i - 16 +0 darts a - a +1 dagger (weapon in hand) u - 2 +0 daggers k - a blessed +0 orcish dagger B - a +0 orcish dagger Armor C - an uncursed +0 orcish helm O - an uncursed +0 orcish helm I - an uncursed +0 pair of gauntlets of dexterity N - an uncursed +0 pair of iron shoes J - an uncursed +0 pair of low boots e - an uncursed +2 cloak of displacement (being worn) Comestibles f - 4 uncursed cram rations p - 4 uncursed food rations K - an uncursed lichen corpse Scrolls l - an uncursed scroll of enchant armor L - a blessed scroll of genocide y - 2 uncursed scrolls of identify P - an uncursed scroll of magic mapping m - a cursed scroll of teleportation Spellbooks v - an uncursed spellbook of knock Potions h - an uncursed potion of levitation r - an uncursed potion of restore ability j - an uncursed potion of see invisible s - a cursed potion of sleeping o - an uncursed potion of water A - a potion of unholy water Rings t - an uncursed ring of regeneration Tools Q - a +0 pick-axe Gems/Stones M - an uncursed garnet stone x - an uncursed jasper stone H - an uncursed worthless piece of red glass z - an uncursed worthless piece of white glass n - 2 uncursed flint stones Tromix the Ranger's attributes: Background: You were a Lookout, a level 5 male human Ranger. You were chaotic, on a mission for Mars who was opposed by Mercury (lawful) and Venus (neutral). You were in the Gnomish Mines, on level 6. You entered the dungeon 2648 turns ago. You had 257 experience points, 63 more were needed to attain level 6. Basics: You had 0 out of 39 hit points. You had all 15 energy points (spell power). Your armor class was 7. Your wallet contained 257 zorkmids. Autopickup was off. Final Characteristics: Your strength was 15 (limit:18/100). Your dexterity was 10 (limit:18). Your constitution was 15 (limit:18). Your intelligence was 14 (limit:18). Your wisdom was 14 (limit:18). Your charisma was 8 (limit:18). Final Status: You were not hungry. You were burdened; movement was slightly slowed. You were wielding a dagger. You had basic skill with dagger and could have enhanced that. Final Attributes: You were piously aligned. You were telepathic. You had automatic searching. You were displaced. You were warded. You are dead. Miscellaneous: You disabled loading of bones levels. Total elapsed playing time was 45 minutes and 54 seconds. Major events: Turn 1: tromix the chaotic male human Ranger entered the dungeon 1045: attained the rank of Lookout (level 3) 1143: entered the Gnomish Mines 2648: killed by a gnome Vanquished creatures: a violet fungus 2 gnome leaders a gnomish wizard a gray ooze a straw golem a giant ant 2 floating eyes 2 dwarves a monkey 3 coyotes 2 gas spores a large kobold 2 hobgoblins a red mold 3 gnomes a gecko 10 jackals 3 foxes a kobold 3 goblins 2 sewer rats a grid bug 4 lichens 4 newts 53 creatures vanquished. No species were genocided or became extinct. Voluntary challenges: You read items or engraved 1 time. You never engraved Elbereth. You never genocided any monsters. You never polymorphed an object. You never changed form. You used no wishes. Achievements: You attained the rank of Lookout. You entered the Gnomish Mines. You entered a shop. The Dungeons of Doom: levels 1 to 7 Level 1: Some fountains. Level 2: A fountain, a sink. Level 3: Some fountains. Level 4: Stairs down to The Gnomish Mines. Level 5: Some shops, a fountain, a grave. Level 6: Level 7: The Gnomish Mines: levels 5 to 6 Level 5: Level 6: <- You were here. Final resting place for you, killed by a gnome. Game over: ---------- / \ / REST \ / IN \ / PEACE \ / \ | tromix | | 257 Au | | killed by a | | gnome | | | | | | 2023 | *| * * * | * _________)/\\_//(\/(/\)/\//\/|_)_______ Goodbye tromix the Ranger... You died in The Gnomish Mines on dungeon level 6 with 1560 points, and 257 pieces of gold, after 2648 moves. You were level 5 with a maximum of 39 hit points when you died.